 Dungeon Crawl Stone Soup version 0.27.1-33-g824d729ab1 (webtiles) character file.

Game seed: 13947519692600963394

7206 McKennaii the Blocker (level 10, -2/69 HPs)
             Began as a Demigod Conjurer on Dec 3, 2021.
             Slain by Snorg (9 damage)
             ... on level 11 of the Dungeon.
             The game lasted 00:24:39 (13172 turns).

McKennaii the Blocker (Demigod Conjurer)           Turns: 13172, Time: 00:24:40

Health: -2/69      AC:  7    Str:  8    XL:     10   Next: 57%
Magic:  0/21       EV:  6    Int: 32    God:
Gold:   690        SH: 29    Dex: 12    Spells: 12/19 levels left

rFire    + . .     SeeInvis +   g - staff of fire
rCold    . . .     Faith    .   A - +18 shield of the Gong {rElec rN+ Will+ EV-5}
rNeg     + . .     Spirit   .   a - +0 robe
rPois    .         Reflect  .   t - +1 helmet
rElec    +         Harm     .   J - +0 cloak
rCorr    +         Rampage  .   O - +0 pair of gloves
Will     ++...                  E - +0 pair of boots
Stlth    ++........             (no amulet)
HPRegen  0.21/turn              C - ring of see invisible
MPRegen  0.17/turn              D - ring of resist corrosion

@: no status effects
A: high mp 1, forlorn
a: no special abilities


You were on level 11 of the Dungeon.
You visited 1 branch of the dungeon, and saw 11 of its levels.
You also visited: Ossuary.

You collected 764 gold pieces.
You spent 74 gold pieces at shops.

Inventory:

Hand Weapons
 z - a +2 vorpal spear
 N - the +8 halberd of Buhah {flame, Will+ Str+4 Int+4 Dex-3}
   (You found it on level 9 of the Dungeon)

   It burns those it strikes, dealing additional fire damage.
   Big, fiery blades are also staple armaments of hydra-hunters.
   Str:       It affects your strength (+4).
   Int:       It affects your intelligence (+4).
   Dex:       It affects your dexterity (-3).
   Will:      It increases your willpower.
Armour
 a - a +0 robe (worn)
 t - a +1 helmet (worn)
 A - the +18 shield of the Gong (worn) {rElec rN+ Will+ EV-5}
   (You found it on level 6 of the Dungeon)

   It is deafeningly noisy when blocking attacks.
   EV:        It affects your evasion (-5).
   rElec:     It insulates you from electricity.
   rN:        It protects you from negative energy.
   Will:      It increases your willpower.
 E - a +0 pair of boots (worn)
 J - a +0 cloak (worn)
 M - the +10 ring mail of Inference {rC- Dex+5}
   (You found it on level 8 of the Dungeon)

   Dex:       It affects your dexterity (+5).
   rC:        It makes you vulnerable to cold.
 O - a +0 pair of gloves (worn)
Magical Staves
 g - a staff of fire (weapon)
Jewellery
 C - a ring of see invisible (left hand)
 D - a ring of resist corrosion (right hand)
Wands
 w - a wand of iceblast (10)
 H - a wand of acid (6)
 I - a wand of flame (33)
 L - a wand of charming (7)
Scrolls
 b - 2 scrolls of vulnerability {unknown}
 d - a scroll of torment {unknown}
 e - 18 scrolls of identify
 h - 3 scrolls of fog {unknown}
 i - a scroll of fear {unknown}
 k - 2 scrolls of silence {unknown}
 l - 2 scrolls of noise {unknown}
 n - 2 scrolls of blinking {unknown}
 p - a scroll of enchant weapon {unknown}
 s - 2 scrolls of teleportation {unknown}
 y - 3 scrolls of amnesia {unknown}
 F - 2 scrolls of magic mapping {unknown}
 G - a scroll of brand weapon {unknown}
 K - 2 scrolls of immolation {unknown}
Potions
 c - 3 potions of lignification {unknown}
 f - 4 potions of brilliance {unknown}
 j - 5 potions of curing
 m - 2 potions of magic {unknown}
 o - 3 potions of invisibility {unknown}
 q - 5 potions of might {unknown}
 r - 2 potions of cancellation {unknown}
 u - 3 potions of heal wounds {unknown}
 v - 2 potions of flight {unknown}
 x - a potion of mutation {unknown}
 B - a potion of resistance {unknown}
 P - a potion of haste {unknown}
 Q - a potion of berserk rage {unknown}


   Skills:
 - Level 1.7 Dodging
 - Level 1.7 Stealth
 + Level 10.8 Shields
 - Level 5.0 Spellcasting
 - Level 10.0 Conjurations
 - Level 2.0 Translocations


You had 12 spell levels left.
You knew the following spells:

 Your Spells              Type           Power      Damage    Failure   Level
a - Magic Dart            Conj           100%       1d8       1%          1
b - Searing Ray           Conj           100%       3d7       1%          2
c - Iskenderun's Mystic   Conj/Tloc      46%        2d10      7%          4

Your spell library contained the following spells:

 Spells                   Type           Power      Damage    Failure   Level
 Dazzling Flash           Conj/Hex       80%        N/A       3%          3
 Iskenderun's Battlesphe  Conj           64%        2d11      3%          5
 Freeze                   Ice            32%        1d5       9%          1
 Gell's Gravitas          Tloc           10%        N/A       11%         3
 Teleport Other           Tloc           20%        N/A       11%         3
 Fulminant Prism          Conj/Hex       20%        3d13      11%         4
 Hailstorm                Conj/Ice       40%        3d10      11%         4
 Slow                     Hex            8%         N/A       13%         2
 Confusing Touch          Hex            8%         N/A       26%         3
 Frozen Ramparts          Ice            16%        1d3       26%         3
 Ozocubu's Armour         Ice            8%         N/A       26%         3
 Vampiric Draining        Necr           4%         2d6       26%         3
 Fireball                 Conj/Fire      28%        3d12      30%         5
 Animate Dead             Necr           4%         N/A       63%         4
 Orb of Destruction       Conj           32%        9d12      75%         7
 Conjure Ball Lightning   Conj/Air       20%        3x3d6     86%         6
 Borgnjor's Vile Clutch   Necr/Erth      4%         N/A       93%         5
 Metabolic Englaciation   Hex/Ice        4%         N/A       93%         5
 Dispersal                Tloc           10%        N/A       99%         6
 Death Channel            Necr           4%         N/A       100%        6
 Simulacrum               Ice/Necr       4%         N/A       100%        6


Dungeon Overview and Level Annotations

Branches:
Dungeon (11/15)            Temple (0/1) D:7             Orc (0/2) D:9
Ossuary (visited)
   Lair: D:8-11

Shops:
D:1 [   D:2 [   D:4 *:!:*   D:10 (

Portals:
Abyss: D:8

Annotations:
D:11 Snorg


Innate Abilities, Weirdness & Mutations

Your attributes grow dramatically as you level up.
You have an increased reservoir of magic. (+10% MP)
You shall have no god before yourself.


Message History

Aim: Snorg (heavily wounded, berserk, covered in acid, 71% to hit)
The bolt of acid hits Snorg!
Snorg is splashed with acid.
Snorg seems to be corroded for longer.
Snorg is severely wounded.
You block Snorg's attack.
BONNNG!
Snorg claws you!!
* * * LOW HITPOINT WARNING * * *
You block Snorg's attack.
BONNNG!
You block Snorg's attack.
BONNNG!
Snorg claws you!
* * * LOW HITPOINT WARNING * * *
You block Snorg's attack.
GONNNNG!
You hear an angry buzzing noise.
Unknown command.
Okay, then.
Aiming: Corrosive Bolt
Press: ? - help, Shift-Dir - straight line, f/p - Snorg
Aim: Snorg (severely wounded, berserk, covered in acid, 71% to hit)
The bolt of acid hits Snorg!
Snorg is splashed with acid.
Snorg seems to be corroded for longer.
Snorg is severely wounded.
You block Snorg's attack.
PANG!
You block Snorg's attack.
BOUMMMMG!
You block Snorg's attack.
BONNNG!
Unknown command.
Aiming: Corrosive Bolt
Press: ? - help, Shift-Dir - straight line, f/p - Snorg
Aim: Snorg (severely wounded, berserk, covered in acid, 71% to hit)
The bolt of acid misses Snorg.
You block Snorg's attack.
GONNNNG!
You block Snorg's attack.
BOUMMMMG!
Snorg claws you!
You die...

##..............
##...............
##................
#.................
#.................
#.................
#.)...............
#.............)...
#@T............)..
#<.............).)
#<................
#.................
#.................
#.................
#.................
#.^...............
##................


You could see Snorg (berserk, corroded).

Vanquished Creatures
  2 two-headed ogres
  Maurice (D:8)
  A hornet (D:8)
  8 yaks
  A steam dragon (D:7)
  A warg (D:9)
  2 water moccasins
  5 black bears
  4 orc warriors
  An ice beast (D:5)
  A sky beast (D:6)
  4 necrophages
  3 ogres
  A phantom (D:6)
  A kobold brigand (D:9)
  4 bullfrogs
  2 gnoll sergeants
  A scorpion (D:7)
  A wyvern zombie (D:6)
  2 wyvern skeletons
  A water moccasin skeleton (D:6)
  6 wights
  2 howler monkeys
  2 electric eels
  3 centaur zombies
  A lava snake (D:7)
  A hound (D:5)
  A centaur skeleton (D:6)
  3 jellies
  3 orc priests
  3 iguanas
  7 orc wizards
  A hound zombie (D:5)
  8 mummies (Ossuary)
  Robin (D:3)
  9 gnolls
  9 adders
  2 shadow imps (D:8)
  2 adder skeletons
  A dart slug (D:1)
  24 orcs
  6 ball pythons
  2 endoplasms
  A giant cockroach (D:3)
  15 goblins
  8 hobgoblins
  3 jackals (D:1)
  3 quokkas
  9 bats
  3 frilled lizards
  2 gnoll zombies (Ossuary)
  2 hobgoblin zombies (Ossuary)
  5 kobolds
  2 kobold zombies (Ossuary)
  2 orc zombies (Ossuary)
  2 rats (D:1)
  A lurking horror (D:8)
202 creatures vanquished.

Vanquished Creatures (others)
  14 plants (D:11)
14 creatures vanquished.

Grand Total: 216 creatures vanquished

Notes
Turn   | Place    | Note
-------+----------+-------------------------------------------
     0 | D:1      | McKennaii the Demigod Conjurer began the quest for the Orb.
     0 | D:1      | Reached XP level 1. HP: 14/14 MP: 5/5
   213 | D:1      | Found Qiyduseh's Armour Emporium.
   397 | D:1      | Reached XP level 2. HP: 20/20 MP: 5/8
  1327 | D:2      | Reached XP level 3. HP: 26/26 MP: 6/10
  1450 | D:2      | Found Taomuzom's Antique Armour Boutique.
  1470 | D:2      | Learned a level 2 spell: Searing Ray
  2424 | D:3      | Noticed a necrophage
  2434 | D:3      | Killed a necrophage
  2435 | D:3      | Reached XP level 4. HP: 19/33 MP: 1/13
  2658 | D:3      | Noticed Robin
  2670 | D:3      | Reached XP level 5. HP: 33/38 MP: 3/15
  3077 | D:3      | Killed Robin
  3563 | D:4      | Found Lenic's General Store.
  3572 | D:4      | Bought a scroll of identify for 22 gold pieces
  3686 | D:4      | Found Mugukk's Book Boutique.
  3701 | D:4      | Reached skill level 5 in Spellcasting
  3925 | D:4      | Learned a level 4 spell: Iskenderun's Mystic Blast
  3965 | D:4      | Found Joedaa's General Store.
  4002 | D:4      | Found Bacimesh's Book Boutique.
  4239 | D:4      | Noticed a necrophage
  4248 | D:4      | Killed a necrophage
  4249 | D:4      | Reached XP level 6. HP: 37/45 MP: 7/16
  4320 | D:4      | Found Qots's Distillery.
  4328 | D:4      | Bought a potion of curing for 39 gold pieces
  4328 | D:4      | Bought a potion of degeneration for 13 gold pieces
  4427 | D:5      | Entered Level 5 of the Dungeon
  4431 | D:5      | Reached skill level 5 in Conjurations
  4917 | D:5      | Reached XP level 7. HP: 36/50 MP: 11/17
  5821 | D:6      | You fall into a shaft and drop 1 floor!
  6059 | D:6      | Reached XP level 8. HP: 57/57 MP: 11/19
  6155 | D:6      | Found a large runed translucent door.
  6156 | D:6      | Found a large runed translucent door.
  6160 | D:6      | Found the +18 shield of the Gong {rElec rN+ Will+ EV-5}
  6231 | D:6      | Found a sand-covered staircase.
  6238 | Ossuary  | Entered an ossuary
  7408 | D:6      | Reached skill level 10 in Conjurations
  7442 | D:6      | Reached skill level 1 in Shields
  7545 | D:7      | Reached skill level 1 in Translocations
  7975 | D:7      | Reached XP level 9. HP: 54/62 MP: 16/20
  8368 | D:7      | Found a staircase to the Ecumenical Temple.
  8691 | D:8      | Found a one-way gate to the infinite horrors of the Abyss.
  9036 | D:8      | Reached skill level 5 in Shields
  9047 | D:8      | Noticed Maurice
  9077 | D:8      | Killed Maurice
  9306 | D:8      | Noticed a two-headed ogre
  9332 | D:8      | Killed a two-headed ogre
  9983 | D:8      | Identified the +10 ring mail of Inference {rC- Dex+5}
 10222 | D:9      | Identified the +8 halberd of Buhah {flame, Will+ Str+4
                  | Int+4 Dex-3}
 10263 | D:9      | Reached XP level 10. HP: 69/69 MP: 6/21
 10703 | D:9      | Found a staircase to the Orcish Mines.
 11937 | D:10     | Entered Level 10 of the Dungeon
 11997 | D:10     | Reached skill level 10 in Shields
 12324 | D:10     | Found Huxtis's Antique Weapon Boutique.
 12494 | D:10     | Noticed a two-headed ogre
 12846 | D:10     | Killed a two-headed ogre
 13144 | D:11     | Noticed Snorg
 13172 | D:11     | Slain by Snorg

Illustrated notes

Levels and vault maps discovered:
D:1:      mainiacjoe_arrival_reflecting_pool, layout_loops_corners,
          basic_ecumenical_altar, serial_shops, nicolae_shop_statue_plus,
          kennysheep_flooded_box, chequers_serial_rivers_room_a
D:2:      layout_basic, serial_shops, nicolae_shop_waterfront,
          grunt_decor_clamped
D:3:      layout_loops_corners, nrook_loot_triangle, uniq_robin
D:4:      layout_loops_ring, serial_shops, shop_fountains, shop,
          kennysheep_mini_moat, shop, kennysheep_little_box
D:5:      layout_basic, grunt_temple_overflow_open, vehumet_crystals
D:6:      layout_gridville, jmf_multi_god_temple2,
          mainiacjoe_overflow_surrounded_room, nicolae_ossuary_entry_ruins,
          kennysheep_generic_room_10
D:7:      layout_loops_ring, minmay_temple_entry_large_hall,
          nicolae_lava_and_water
D:8:      cheibrodos_helix_gallery, layout_loops_cross,
          minmay_misc_feat_more_columns, amcnicky_altar_lugonu_corruption,
          uniq_maurice
D:9:      layout_layer_cave, david_orc_3, water_boxes_lemuel
D:10:     layout_basic, mainiacjoe_overflow_24_doors, serial_shops, shop
D:11:     layout_big_octagon, david_lair_shrubbed, serial_shops,
          bzr_entry_water, uniq_snorg

Skill      XL: |  1  2  3  4  5  6  7  8  9 10 |
---------------+-------------------------------+-----
Spellcasting   | 2 3 4 5 |  5.0
Conjurations   | 4 6 8 10 | 10.0
Shields        | 3 8 10 | 10.8
Translocations | 2 |  2.0
Dodging        | |  1.7
Stealth        | |  1.7

Action                   |  1- 3 |  4- 6 |  7- 9 | 10-12 || total
-------------------------+-------+-------+-------+-------++-------
Melee: Staff             |       |       |       |    18 ||    18
 Cast: Magic Dart        |    74 |   105 |   189 |    84 ||   452
       Searing Ray       |       |     6 |    55 |    17 ||    78
       Iskenderun's Myst |       |       |     2 |    11 ||    13
Evoke: Wand              |       |       |     3 |     6 ||     9
Armor: Robe              |     1 |     2 |    20 |     4 ||    27
Dodge: Dodged            |     6 |     9 |    27 |     3 ||    45
Block: Kite shield       |       |       |    16 |    66 ||    82
